 Dungeon Crawl Stone Soup version 0.21.1-1-g345015fe64 (webtiles) character file.

74248 Lavandula the Brawler (level 15, -10/138 HPs)
             Began as a Deep Dwarf Transmuter on May 16, 2018.
             Was the Champion of Makhleb.
             Killed from afar by an orc sorcerer (28 damage)
             ... with a bolt of fire
             ... on level 2 of the Orcish Mines on May 23, 2018.
             The game lasted 01:41:49 (12603 turns).

Lavandula the Brawler (Deep Dwarf Transmuter)      Turns: 12603, Time: 01:41:50

Health: -10/138    AC: 11    Str: 20    XL:     15   Next: 6%
Magic:  8/14       EV: 14    Int: 21    God:    Makhleb [******]
Gold:   1932       SH:  0    Dex: 17    Spells: 2/23 levels left

rFire    . . .     SeeInvis +     - Unarmed
rCold    . . .     Gourm    .   (no shield)
rNeg     + . .     Faith    .   N - +2 leather armour "Yvyrhuts" {rPois Str+3 SInv}
rPois    +         Spirit   .   y - +2 helmet
rElec    .         Reflect  .   (no cloak)
rCorr    .         Harm     .   P - +0 pair of gloves {archery}
MR       ++...                  p - +1 pair of boots
Stlth    +.........             i - amulet of rage
HPRegen  0.00/turn              S - +4 ring of intelligence
MPRegen  0.14/turn              D - ring of wizardry

@: non-regenerating
A: damage resistance, heal wounds, agile 2, blurry vision 1, negative energy
resistance 1, sense surroundings 2, no regeneration
a: Heal Wounds, Minor Destruction, Lesser Servant of Makhleb, Major Destruction,
Greater Servant of Makhleb, Renounce Religion, Evoke Berserk Rage


You were on level 2 of the Orcish Mines.
You worshipped Makhleb.
Makhleb was exalted by your worship.
You were not hungry.

You visited 4 branches of the dungeon, and saw 21 of its levels.
You also visited: Labyrinth, Sewer and Volcano.

You collected 1932 gold pieces.

Inventory:

Hand Weapons
 j - the +11 broad axe of Death {freeze, Str+8}
   (You found it on level 1 of the Orcish Mines)

   It has been specially enchanted to freeze those struck by it, causing extra
   injury to most foes and up to half again as much damage against particularly
   susceptible opponents.
   It can also slow down cold-blooded creatures.
   It affects your strength (+8).
 k - a +1 blowgun
 t - a +2 vampiric battleaxe
 H - the +1 hunting sling "Caqa Fupt" {velocity, +Blink MR+ MP-9 Str+7}
   (You found it on level 4 of the Dungeon)

   Any stone fired from it inflicts extra damage.
   It affects your strength (+7).
   It affects your resistance to hostile enchantments.
   It affects your magic capacity (-9).
   It lets you blink.
Missiles
 a - 116 arrows
 u - 69 poisoned needles
 A - 2 throwing nets (quivered)
 I - 3 javelins
 K - 7 poisoned tomahawks
Armour
 g - a +3 leather armour
 p - a +1 pair of boots (worn)
 x - a +1 ring mail of cold resistance
 y - a +2 helmet (worn)
 C - a +0 leather armour of cold resistance
 N - the +2 leather armour "Yvyrhuts" (worn) {rPois Str+3 SInv}
   (You found it on level 5 of the Dungeon)

   It affects your strength (+3).
   It protects you from poison.
   It lets you see invisible.
 P - a +0 pair of gloves of archery (worn)
Jewellery
 h - an uncursed ring of see invisible
 i - an amulet of rage (around neck)
 w - an uncursed amulet of guardian spirit
 D - a ring of wizardry (right hand)
 G - a +3 ring of intelligence
 L - an uncursed amulet of the gourmand
 S - a +4 ring of intelligence (left hand)
Wands
 J - a wand of random effects (82)
 R - a wand of digging (15)
 V - a wand of flame (60)
 Z - a wand of disintegration (7)
Scrolls
 e - 3 scrolls of blinking
 f - a scroll of summoning {unknown}
 o - a scroll of immolation
 q - 3 scrolls of amnesia
 r - 4 scrolls of fog
 s - 4 scrolls of teleportation
 O - 10 scrolls of remove curse
Potions
 b - a potion of flight
 c - 6 potions of curing
 l - a potion of heal wounds
 n - 2 potions of haste
 v - 2 potions of magic {unknown}
 F - a potion of experience {unknown}
 M - a potion of resistance
 Q - 2 potions of brilliance
 T - 2 potions of might {unknown}
 U - a potion of cancellation {unknown}
Miscellaneous
 z - a crystal ball of energy
 B - a phantom mirror
 X - a phial of floods (inert)
Comestibles
 d - 12 rations


   Skills:
 - Level 10.0 Fighting
 - Level 12.0 Axes
 - Level 2.2 Throwing
 - Level 4.5 Dodging
 - Level 15.7 Unarmed Combat
 - Level 4.6 Spellcasting
 - Level 9.3 Transmutations
 + Level 1.3 Invocations
 - Level 9.0 Evocations


You had 2 spell levels left.
You knew the following spells:

 Your Spells              Type           Power        Failure   Level  Hunger
a - Beastly Appendage     Tmut           #####.       1%          1    None
b - Sticks to Snakes      Tmut           #####...     1%          2    #......
c - Spider Form           Tmut/Pois      ###.......   2%          3    ##.....
d - Ice Form              Ice/Tmut       ###.....     8%          4    ####...
e - Blade Hands           Tmut           #####.....   3%          5    ######.
f - Apportation           Tloc           #.....       6%          1    None
g - Irradiate             Conj/Tmut      ###.......   21%         5    ######.


Dungeon Overview and Level Annotations

Branches:
Dungeon (12/15)            Temple (1/1) D:6            Lair (6/6) D:10
  Swamp (0/4) Lair:2        Slime (0/5) Lair:6          Orc (2/2) D:9
    Elf (0/3) Orc:2
  Snake: Lair:2-4    Spider: Lair:2-4

Altars:
Ashenzari
Cheibriados
Dithmenos
Elyvilon
Gozag
Hepliaklqana
Makhleb
Nemelex Xobeh
Ru
Trog
Vehumet
Wu Jian
Xom
Zin
Jiyva

Shops:
D:4 :   Orc:2 *%

Annotations:
D:4 frocskos's ghost, novice TrMo
D:11 Thargor's ghost, journeyman FoFi
Lair:6 2 runed doors


Innate Abilities, Weirdness & Mutations

You are resistant to damage.
You can heal yourself by infusing magical energy.
You resist negative energy. (rN+)
You passively map the area around you.
You do not regenerate.
You are very agile. (Dex +4)
Scrolls take you a little longer to read.


Message History

The orc sorcerer casts a spell.
You hear a shout! x2
Unknown command.
Evoke which item? (* to show all) (? for menu, Esc to quit)
Okay, then.
Unknown command.
Really read with blurry vision while enemies are nearby?
You hear a shout!
The sixfirhy hits you!
* * * LOW HITPOINT WARNING * * *
The sixfirhy shocks you!
* * * LOW HITPOINT WARNING * * *
The sixfirhy closely misses you.
You begin reading the scroll.
You continue reading the scroll.
The sixfirhy misses you. The sixfirhy closely misses you.
The sixfirhy hits you but does no damage.
The orc sorcerer points at you and mumbles some strange words.
The bolt of fire hits the sun demon.
The sun demon completely resists.
The bolt of fire hits you!
You die...

...............###(.#####........
...#..........###()###.###.##....
............####..###...#####....
........##.####).###.#o# *#.....
.##.#####..###))###...#...###...#
##### #* ##.)###..o###..o######
##.(###.3.##, #oo.# ##...)...o##
, #...# ##....#.@3## , , #o..
##...#..).##,, * , #3# *
##∩.#.....## * .. #.....#.)##, *
, ##∩.#.....## ∩,* ,,
##...#....## * * * ##....#.).# *,
##......))#* * , * ##..###..o#


You could see an orc knight (inner flame), an orc high priest (inner flame), a
sun demon, a sixfirhy and an orc sorcerer (inner flame).

Vanquished Creatures
  Gastronok (Orc:1)
  An orc warlord (Orc:1)
  A frost giant (Orc:1)
  2 entropy weavers (Lair:4)
  Snorg (D:11)
  2 ettins (Orc:1)
  A minotaur (Lab)
  Josephine (D:12)
  Harold (Orc:1)
  2 hydras (Lair:6)
  The ghost of Tutankhamun the Markscentaur, a journeyman CeHu of Okawaru (Lair:2)
  7 two-headed ogres
  Erica (D:9)
  10 death yaks
  A queen ant (Lair:4)
  An orc high priest (Orc:1)
  A titan zombie (Orc:1)
  A sixfirhy (Orc:2)
  The ghost of eggzz the Destroyer, a novice TeAE of Wu Jian (D:9)
  An unseen horror (D:12)
  3 orc knights
  3 orc sorcerers
  2 lindwurms (Lair:6)
  14 cyclopes
  A stone giant zombie (Orc:1)
  A salamander (Volcano)
  Joseph (D:7)
  2 molten gargoyles (Lair:6)
  8 black mambas
  9 spiny frogs
  A torpor snail (Lair:5)
  A rime drake (Lair:5)
  3 komodo dragons (Lair:6)
  2 ice devils (Lair:3)
  6 trolls
  3 blink frogs (Lair:6)
  2 slime creatures (D:12)
  Prince Ribbit (D:8)
  7 dream sheep (Lair:4)
  4 hippogriffs
  A ynoxinul (Orc:2)
  7 wraiths (D:12)
  6 fire bats (Volcano)
  4 wyverns
  26 yaks
  A hungry ghost (D:12)
  2 basilisks (Lair:6)
  2 steam dragons (Lair:6)
  A vampire mosquito (Lair:2)
  Menkaure (D:6)
  A naga (Lair:4)
  13 wargs
  20 soldier ants (Lair:4)
  An acid dragon (D:12)
  6 water moccasins
  6 porcupines
  3 hell hounds (Lair:6)
  25 orc warriors
  2 sky beasts
  3 black bears (D:10)
  7 necrophages (Lair:3)
  An eye of draining (D:9)
  2 ice beasts
  Purgy (Sewer)
  A phantom (D:7)
  9 ogres
  10 wolves
  2 centaurs
  15 crocodiles
  2 big kobolds
  15 bullfrogs
  2 cyclops zombies (Orc:1)
  4 scorpions
  5 killer bees (D:12)
  8 wights
  3 howler monkeys
  2 crimson imps
  A jelly (D:11)
  10 lava snakes
  4 centaur zombies
  A gnoll shaman (D:6)
  A bullfrog zombie (D:12)
  24 orc priests
  2 centaur skeletons
  7 hounds
  18 orc wizards
  A bullfrog skeleton (D:4)
  29 worker ants
  2 iguanas (D:4)
  2 hell rats (D:10)
  A hound zombie (D:6)
  4 hound skeletons
  A worker ant zombie (D:11)
  A howler monkey skeleton (D:7)
  16 gnolls
  A river rat (D:10)
  13 adders
  2 shadow imps (D:6)
  An adder zombie (D:8)
  5 worms
  A dart slug (D:1)
  5 leopard geckos
  60 orcs
  12 giant cockroaches
  9 goblins
  4 hobgoblins
  9 jackals
  6 quokkas
  8 bats
  3 frilled lizards
  12 kobolds
  2 leopard gecko skeletons
  2 leopard gecko zombies (D:5)
  5 rats
617 creatures vanquished.

Vanquished Creatures (collateral kills)
  A hydra (Lair:4)
  An oklob plant (D:9)
  A cyclops (Orc:1)
  2 slime creatures (D:12)
  A water moccasin (Lair:1)
  A wolf (Lair:1)
  An orc wizard (Orc:1)
  3 orcs
11 creatures vanquished.

Vanquished Creatures (others)
  11 fungi
  4 plants
15 creatures vanquished.

Grand Total: 643 creatures vanquished

Notes
Turn   | Place    | Note
-------+----------+-------------------------------------------
     0 | D:1      | Lavandula the Deep Dwarf Transmuter began the quest for the Orb.
     0 | D:1      | Reached XP level 1. HP: 16/16 MP: 3/3
    61 | D:1      | Reached skill level 3 in Unarmed Combat
   106 | D:1      | Reached XP level 2. HP: 15/24 MP: 2/4
   373 | D:1      | Reached XP level 3. HP: 11/30 MP: 3/5
   389 | D:1      | Learned a level 2 spell: Sticks to Snakes
   611 | D:2      | Found a shattered altar of Ashenzari.
   714 | D:3      | Reached XP level 4. HP: 23/37 MP: 3/7
   782 | D:3      | Learned a level 3 spell: Spider Form
   815 | D:3      | Found a hazy altar of Hepliaklqana.
  1000 | D:3      | Reached XP level 5. HP: 25/43 MP: 1/9
  1015 | D:3      | Found a glowing drain.
  1044 | Sewer    | Entered a sewer
  1054 | Sewer    | Learned a level 4 spell: Ice Form
  1118 | Sewer    | Noticed Purgy
  1125 | Sewer    | Killed Purgy
  1246 | D:4      | Noticed frocskos's ghost (novice TrMo)
  1355 | D:4      | Reached XP level 6. HP: 47/50 MP: 6/10
  1387 | D:4      | Reached skill level 1 in Throwing
  1476 | D:4      | Reached skill level 1 in Fighting
  1503 | D:4      | Found Otuafum's Book Shop.
  1657 | D:3      | Found a white marble altar of Elyvilon.
  1925 | D:4      | Reached XP level 7. HP: 33/62 MP: 7/11
  2018 | D:4      | Got a dazzling hunting sling
  2045 | D:4      | Identified the cursed +1 hunting sling "Caqa Fupt" {velocity, +Blink MR+ MP-9 Str+7} (You found it on level 4 of the Dungeon)
  2137 | D:5      | Entered Level 5 of the Dungeon
  2147 | D:5      | Reached skill level 4 in Unarmed Combat
  2263 | D:5      | Reached skill level 5 in Unarmed Combat
  2268 | D:5      | Found a sacrificial altar of Ru.
  2322 | D:6      | Found a staircase to the Ecumenical Temple.
  2331 | Temple   | Entered the Ecumenical Temple
  2348 | Temple   | Became a worshipper of Makhleb the Destroyer
  2481 | D:5      | Reached skill level 6 in Unarmed Combat
  2536 | D:5      | Reached XP level 8. HP: 36/69 MP: 2/12
  2601 | D:5      | Got a crude leather armour
  2612 | D:5      | Identified the +2 leather armour "Yvyrhuts" {rPois Str+3 SInv} (You found it on level 5 of the Dungeon)
  2923 | D:6      | Reached skill level 7 in Unarmed Combat
  3075 | D:6      | Learned a level 5 spell: Blade Hands
  3075 | D:6      | Noticed Menkaure
  3102 | D:6      | Killed Menkaure
  3113 | D:6      | Reached * piety under Makhleb
  3296 | D:7      | Reached skill level 5 in Transmutations
  3296 | D:7      | Gained mutation: You passively map the area around you. [Deep Dwarf growth]
  3296 | D:7      | Reached XP level 9. HP: 76/76 MP: 5/10
  3426 | D:7      | Found a glowing silver altar of Zin.
  3426 | D:7      | Noticed Joseph
  3432 | D:7      | Found an opulent altar of Gozag.
  3436 | D:7      | Killed Joseph
  3436 | D:7      | Reached skill level 8 in Unarmed Combat
  3633 | D:7      | Reached skill level 9 in Unarmed Combat
  3657 | D:7      | Reached ** piety under Makhleb
  4100 | D:8      | Noticed Prince Ribbit
  4104 | D:8      | Killed Prince Ribbit
  4104 | D:8      | Reached skill level 10 in Unarmed Combat
  4251 | D:9      | Found a staircase to the Orcish Mines.
  4265 | D:9      | Reached XP level 10. HP: 37/84 MP: 1/11
  4310 | D:9      | Noticed Erica
  4322 | D:9      | Killed Erica
  4322 | D:9      | Reached skill level 11 in Unarmed Combat
  4389 | D:9      | Noticed eggzz's ghost (novice TeAE)
  4416 | D:9      | Killed eggzz's ghost
  4452 | D:9      | Reached skill level 1 in Evocations
  4535 | D:9      | Noticed a two-headed ogre
  4607 | D:9      | Killed a two-headed ogre
  4607 | D:9      | Reached skill level 5 in Evocations
  4752 | D:9      | Found a bloodstained altar of Trog.
  4752 | D:9      | Noticed an oklob plant
  4752 | D:9      | Noticed a two-headed ogre
  4778 | D:9      | Killed an oklob plant
  4795 | D:9      | Killed a two-headed ogre
  4881 | D:10     | Entered Level 10 of the Dungeon
  4886 | D:10     | Noticed a death yak
  4896 | D:10     | Noticed a death yak
  4901 | D:10     | Killed a death yak
  4901 | D:10     | Reached *** piety under Makhleb
  4930 | Orc:1    | Entered Level 1 of the Orcish Mines
  4930 | Orc:1    | Noticed a cyclops
  4930 | Orc:1    | Noticed a cyclops
  4997 | D:10     | Reached XP level 11. HP: 55/92 MP: 6/11
  5026 | D:10     | Noticed a death yak
  5034 | D:10     | Killed a death yak
  5034 | D:10     | Reached skill level 5 in Fighting
  5041 | D:10     | Killed a death yak
  5405 | D:10     | Found a staircase to the Lair.
  5425 | Lair:1   | Entered Level 1 of the Lair of Beasts
  5464 | Lair:1   | Reached **** piety under Makhleb
  5970 | Lair:2   | Noticed Tutankhamun's ghost (journeyman CeHu)
  6113 | Lair:2   | Found a staircase to the Swamp.
  6215 | Lair:2   | Killed Tutankhamun's ghost
  6215 | Lair:2   | Reached skill level 10 in Fighting
  6249 | Lair:2   | Reached XP level 12. HP: 68/116 MP: 1/12
  6518 | Lair:3   | Found a frozen archway.
  6695 | Lair:3   | Found a dark tunnel.
  6704 | Volcano  | Entered a volcano
  6744 | Volcano  | Reached skill level 12 in Unarmed Combat
  7267 | Lair:4   | Reached ***** piety under Makhleb
  7307 | Lair:4   | Identified the Papyrus of Doomed Bewitchment
  7371 | Lair:4   | Noticed a five-headed hydra
  7378 | Lair:4   | Killed a five-headed hydra
  7378 | Lair:4   | Reached skill level 13 in Unarmed Combat
  7398 | Lair:4   | Noticed an entropy weaver
  7402 | Lair:4   | Killed an entropy weaver
  7527 | Lair:4   | Noticed a queen ant
  7540 | Lair:4   | Killed a queen ant
  7590 | Lair:4   | Noticed an entropy weaver
  7599 | Lair:4   | Reached skill level 14 in Unarmed Combat
  7610 | Lair:4   | Killed an entropy weaver
  7704 | Lair:4   | Reached XP level 13. HP: 70/123 MP: 3/13
  7790 | Lair:5   | Found a labyrinth entrance.
  7799 | Lab      | Entered a labyrinth
  8378 | Lab      | Noticed a minotaur
  8426 | Lab      | Killed a minotaur
  8457 | Lab      | Identified Kuyts's Incunabulum of Displaced Hexes
  8457 | Lab      | Identified Oppuidd's Disquisition on Unstable Malediction
  8473 | Lab      | Learned a level 1 spell: Apportation
  8479 | Lab      | Learned a level 5 spell: Irradiate
  8480 | Lab      | Got an ancient eveningstar
  8481 | Lab      | Identified the +3 eveningstar of Circularity {antimagic, *Noise +Inv Str+6} (You found it in a labyrinth)
  8548 | Lair:5   | Gained mutation: You are agile. (Dex +2) [potion of mutation]
  8548 | Lair:5   | Gained mutation: Scrolls take you a little longer to read. [potion of mutation]
  8548 | Lair:5   | Gained mutation: You are very agile. (Dex +4) [potion of mutation]
  8718 | Lair:5   | Reached skill level 15 in Unarmed Combat
  8867 | Lair:6   | Entered Level 6 of the Lair of Beasts
  8943 | Lair:6   | Found a viscous altar of Jiyva.
  8944 | Lair:6   | Found a staircase to the Slime Pits.
  9242 | Lair:6   | Identified the Reference Book on Twisted Feathers
  9362 | Lair:6   | Noticed a fire dragon
  9364 | Lair:6   | Found a large runed door.
  9364 | Lair:6   | Found a large runed door.
  9396 | Lair:6   | Reached ****** piety under Makhleb
  9942 | D:11     | Gained mutation: You resist negative energy. (rN+) [Deep Dwarf growth]
  9942 | D:11     | Reached XP level 14. HP: 98/132 MP: 13/13
 10009 | D:11     | Noticed Snorg
 10018 | D:11     | Killed Snorg
 10054 | D:11     | Noticed Thargor's ghost (journeyman FoFi)
 10055 | D:11     | Noticed Thargor's ghost (journeyman FoFi)
 10424 | Orc:1    | Reached skill level 1 in Axes
 10709 | Orc:1    | Reached skill level 5 in Axes
 10720 | Orc:1    | Noticed an orc warlord
 10725 | Orc:1    | Noticed Harold
 11090 | D:12     | Noticed Josephine
 11101 | D:12     | Killed Josephine
 11493 | Orc:1    | Noticed Gastronok
 11512 | Orc:1    | Killed Harold
 11517 | Orc:1    | Killed Gastronok
 11517 | Orc:1    | Reached skill level 10 in Axes
 11582 | Orc:1    | Killed an orc warlord
 11723 | Orc:1    | Found a shimmering altar of Xom.
 11816 | Orc:1    | Noticed a frost giant
 11946 | Orc:1    | Killed a frost giant
 11949 | Orc:1    | Got an iridescent broad axe
 11957 | Orc:1    | Identified the +11 broad axe of Death {freeze, Str+8} (You found it on level 1 of the Orcish Mines)
 12146 | Orc:2    | Entered Level 2 of the Orcish Mines
 12160 | Orc:2    | Found a staircase to the Elven Halls.
 12337 | Orc:2    | Reached XP level 15. HP: 125/138 MP: 8/14
 12354 | Orc:2    | Found Qumenoj's General Store.
 12443 | Orc:2    | Found Lyoparuiff's Food Boutique.
 12518 | Orc:2    | Reached skill level 1 in Invocations
 12603 | Orc:2    | Killed from afar by an orc sorcerer

Skill      XL: |  1  2  3  4  5  6  7  8  9 10 11 12 13 14 15 |
---------------+----------------------------------------------+-----
Unarmed Combat | 3 6 7 10 11 14 15 | 15.7
Spellcasting   | 2 3 4 |  4.6
Throwing       | 2 |  2.2
Fighting       | 3 4 10 | 10.0
Transmutations | 5 8 9 |  9.3
Dodging        | 4 |  4.5
Evocations     | 9 |  9.0
Axes           | 11 12 | 12.0
Invocations    | 1 |  1.3

Action                   |  1- 3 |  4- 6 |  7- 9 | 10-12 | 13-15 || total
-------------------------+-------+-------+-------+-------+-------++-------
Melee: Unarmed           |   143 |   172 |   250 |   477 |   600 ||  1642
       Headbutt          |     8 |     1 |     3 |       |       ||    12
       Kick              |    18 |     7 |       |       |       ||    25
       Punch             |     3 |     4 |     5 |    15 |    44 ||    71
 Fire: Blowgun           |       |       |       |    10 |       ||    10
Throw: Tomahawk          |       |       |       |     9 |       ||     9
       Javelin           |       |       |       |     3 |       ||     3
 Cast: Beastly Appendage |    25 |     8 |     3 |       |       ||    36
       Sticks to Snakes  |     2 |     1 |       |       |     8 ||    11
       Spider Form       |       |    13 |    11 |     1 |       ||    25
       Ice Form          |       |       |    11 |     4 |     1 ||    16
       Blade Hands       |       |       |    15 |    46 |    69 ||   130
Invok: Lesser Servant of |       |       |       |       |     4 ||     4
 Abil: Heal Wounds       |     1 |     2 |     8 |     4 |     5 ||    20
       Evoke Berserk Rag |       |       |     1 |     3 |     9 ||    13
       End Transformatio |       |       |       |     5 |     5 ||    10
Evoke: Wand              |       |       |       |    11 |    21 ||    32
       Phial of floods   |       |       |       |     3 |     3 ||     6
  Use: Scroll            |       |     5 |     8 |    10 |    11 ||    34
       Potion            |       |       |     1 |     9 |     8 ||    18
 Stab: Sleeping          |       |     1 |     2 |       |     1 ||     4
       Distracted        |       |       |       |       |     1 ||     1
  Eat: Chunk             |       |     5 |    12 |    24 |    29 ||    70
       Ration            |       |       |     2 |     2 |     6 ||    10
Armor: Robe              |    22 |     1 |       |       |       ||    23
       Chain mail        |    11 |       |       |       |       ||    11
       Ring mail         |       |    29 |       |     1 |       ||    30
       Skin              |       |     4 |    18 |     2 |    22 ||    46
       Leather armour    |       |       |    43 |   111 |   119 ||   273
Dodge: Dodged            |    81 |   137 |   133 |   267 |   382 ||  1000
